 Dungeon Crawl Stone Soup version 0.29-a0-2-g12fcac58f8 (webtiles) character file.

Game seed: 3061074085795917622

2 hashsling the Vexing (level 1, -1/14 HPs)
             Began as a Human Wanderer on Jan 26, 2022.
             Slain by a quokka (3 damage)
             ... on level 1 of the Dungeon.
             The game lasted 00:00:44 (33 turns).

hashsling the Vexing (Human Wanderer)                 Turns: 33, Time: 00:00:45

Health: -1/14      AC:  2    Str: 10    XL:     1   Next: 44%
Magic:  2/2        EV: 11    Int: 14    God:
Gold:   0          SH:  4    Dex: 12    Spells: 1/2 levels left

rFire   . . .      SeeInvis .   a - +0 mace
rCold   . . .      Faith    .   b - +0 buckler
rNeg    . . .      Spirit   .   c - +0 robe
rPois   .          Reflect  .   (no helmet)
rElec   .          Harm     .   (no cloak)
rCorr   .          Rampage  .   (no gloves)
Will    .....                   (no boots)
Stlth   +.........              (no amulet)
HPRegen 0.04/turn               (no ring)
MPRegen 0.08/turn               (no ring)

@: no status effects
A: no striking features
a: no special abilities


You were on level 1 of the Dungeon.
You visited 1 branch of the dungeon, and saw 1 of its levels.

Inventory:

Hand Weapons
 a - a +0 mace (weapon)
Armour
 b - a +0 buckler (worn)
 c - a +0 robe (worn)


   Skills:
 * Level 0.4 Fighting
 - Level 1.0 Maces & Flails
 - Level 1.0 Armour
 + Level 0.2 Dodging
 + Level 2.0 Shields
 - Level 1.0 Spellcasting
 - Level 3.0 Hexes
 - Level 1.0 Invocations
 - Level 1.0 Evocations


You had one spell level left.
You knew the following spells:

 Your Spells              Type           Power      Damage    Failure   Level
a - Slow                  Hex            36%        N/A       10%         1

Your spell library contained the following spells:

 Spells                   Type           Power      Damage    Failure   Level
 Summon Guardian Golem    Hex/Summ       4%         N/A       50%         3
 Fulminant Prism          Conj/Hex       2%         3d6       88%         4


Dungeon Overview and Level Annotations

Branches:
Dungeon (1/15)

Altars:


Message History

A quokka and 2 hobgoblins come into view.
The hobgoblin shouts! x2
The goblin hits you but does no damage.
You hit the goblin.
The goblin is moderately wounded.
The goblin hits you but does no damage. The hobgoblin barely misses you.
You hit the goblin.
The goblin is severely wounded.
The goblin hits you with a +0 dagger. The hobgoblin hits you.
You block the goblin's attack.
The quokka twitches its whiskers.
The hobgoblin hits you. The hobgoblin misses you.
The hobgoblin hits the plant.
The plant begins to die.
The goblin hits you with a +0 dagger.
You hit the goblin.
You kill the goblin!
A nearby plant withers and dies.
You hit the hobgoblin.
The hobgoblin is heavily wounded.
You block the hobgoblin's attack.
The quokka bites the plant.
The plant begins to die.
You closely miss the hobgoblin.
The hobgoblin is heavily wounded.
The quokka bites the plant.
The hobgoblin hits you.
* * * LOW HITPOINT WARNING * * *
The hobgoblin completely misses the plant.
The quokka bites the plant.
The hobgoblin barely misses you.
The hobgoblin hits the plant.
The plant begins to die.
You hit the hobgoblin.
You kill the hobgoblin!
You hit the quokka.
The quokka is almost dead.
The quokka bites you but does no damage.
The hobgoblin hits the plant.
The quokka barely misses you.
You hit the quokka but do no damage.
The quokka is almost dead.
A nearby plant withers and dies.
The quokka closely misses you. The quokka bites you.
You die...

.......... .....#.#
...#.######. #
#!#........ .#
#.......... ..#
######..########..#


PPPPPPP..PPPPPPPP..# PPPPPP....rPPPPPP..# PPPP..PPPgP@.PPPP!.###
PPP.PPP...PPP.PPP..... PPP.PP.PPP.PP.PPP..## PP.PP.PP.PP.PP.PP.##
PP.P.PP.P.PP.P.PP.# P.P.P.PPP.P.P.PP.# P.P.PP.P.PP.P.PP.# P.PP.PP.PP.PP.PP.#
PP.PP.PPP.PP.PPP.# You could see a quokka and a hobgoblin.

Vanquished Creatures
  A goblin (D:1)
  A hobgoblin (D:1)
2 creatures vanquished.

Vanquished Creatures (others)
  2 plants (D:1)
2 creatures vanquished.

Grand Total: 4 creatures vanquished

Notes
Turn   | Place    | Note
-------+----------+-------------------------------------------
     0 | D:1      | hashsling the Human Wanderer began the quest for the Orb.
     0 | D:1      | hashsling set off with the following items: a +0 mace, a +0
                  | buckler, a +0 robe; and the following spell memorised:
                  | Slow; and the following spells available to memorise:
                  | Summon Guardian Golem, Fulminant Prism
     0 | D:1      | Reached XP level 1. HP: 13/13 MP: 2/2
    33 | D:1      | Slain by a quokka

Illustrated notes

Levels and vault maps discovered:
D:1:      roderic_crop_circles_arrival_small, layout_basic, serial_curves,
          eino_curves_03, eino_curves_04

Action                   || total
-------------------------++-------
Melee: Mace              ||     8
Armor: Robe              ||     3
Dodge: Dodged            ||     5
Block: Buckler           ||     2

Table legend: (Time is in decaauts)
 A = Elapsed time spent in this place.
 B = Non-inter-level travel time spent in this place.
 C = Inter-level travel time spent in this place.
 D = Time resting spent in this place.
 E = Time spent auto-exploring this place.
 F = Levels seen in this place.
 G = Mean time per level.
                   A        B        C        D        E       F      G
               +--------+--------+--------+--------+--------+-----+--------+
         Total |     36 |     36 |      0 |      0 |     16 |   1 |   36.0 |
       Dungeon |     36 |     36 |      0 |      0 |     16 |   1 |   36.0 |
               +--------+--------+--------+--------+--------+-----+--------+

Top non-repeatable levels by time:
     D:1: 36 daAuts
